 Dungeon Crawl Stone Soup version 0.31-a0-152-g6aa68a64a1 (webtiles) character file.

Game seed: 13989528464893389208

91 qw the Shooter (level 4, -4/38 HPs)
             Began as a Minotaur Hunter on June 9, 2023.
             Slain by Grinder (6 damage)
             ... on level 3 of the Dungeon.
             The game lasted 00:00:27 (916 turns).

qw the Shooter (Minotaur Hunter)                     Turns: 916, Time: 00:00:28

Health: -4/38      AC:  6    Str: 16    XL:     4   Next: 33%
Magic:  3/3        EV: 11    Int:  6    God:
Gold:   4          SH:  0    Dex: 15    Spells: 3/3 levels left

rFire   . . .        Y - +0 shortbow
rCold   . . .        (shield currently unavailable)
rNeg    . . .        h - +0 ring mail
rPois   .            (helmet restricted)
rElec   .            (no cloak)
rCorr   .            (no gloves)
SInv    .            l - +0 pair of boots
Will    .....        (no amulet)
Stlth   +            (no ring)
HPRegen 0.26/turn    (no ring)
MPRegen 0.08/turn

%: no passive effects
@: about to teleport
A: horns 2, retaliatory headbutt
a: no special abilities


You were on level 3 of the Dungeon.
You visited 1 branch of the dungeon, and saw 3 of its levels.

You collected 104 gold pieces.
You spent 100 gold pieces at shops.


Innate Abilities, Weirdness & Mutations

You have a pair of horns on your head.
You reflexively headbutt those who attack you in melee.


   Skills:
 + Level 3.0 Fighting
 - Level 6.1 Ranged Weapons
 - Level 1.0 Armour
 - Level 2.1 Dodging
 - Level 0.7 Stealth


You had 3 spell levels left.
You didn't know any spells.
Your spell library was empty.

Inventory:

Hand Weapons
 Y - a +0 shortbow (weapon)
Armour
 h - a +0 ring mail (worn)
 l - a +0 pair of boots (worn)
Scrolls
 a - a scroll of immolation {unknown}
 b - a scroll of poison {unknown}
 c - 2 scrolls of identify
 e - a scroll of teleportation
Potions
 d - a potion of invisibility {unknown}
 f - 2 potions of mutation {unknown}

Dungeon Overview and Level Annotations

Branches:
Dungeon (2/15)

Altars:

Shops:
D:2 ?

Annotations:
D:3 Grinder


Message History

Pain shoots through your body!
You shoot an arrow. The arrow hits Grinder.
Grinder is severely wounded.
Grinder hits you but does no damage.
You shoot an arrow. The arrow hits Grinder!
Grinder is almost dead.
Grinder blinks!
You shoot an arrow. The arrow hits Natasha!
Natasha is severely wounded.
Natasha claws you.
You shoot an arrow.
The arrow hits Natasha but does no damage.
Natasha is severely wounded.
Natasha mumbles some strange words.
Grinder blinks!
Natasha mumbles some strange words.
You shoot an arrow. The arrow closely misses Natasha.
A rat comes into view.
The cerulean imp hits you but does no damage.
Natasha stares at you and mumbles some strange words.
You resist with significant effort.
You shoot an arrow. The arrow closely misses Natasha.
The arrow hits Grinder but does no damage.
Grinder is almost dead.
The cerulean imp barely misses you.
Natasha mumbles some strange words.
The cerulean imp hits you but does no damage.
You shoot an arrow. The arrow hits Natasha.
You kill Natasha!
Natasha yowls pathetically as she dies!
The cerulean imp disappears in a puff of smoke! x3
Grinder gestures at you. Pain shoots through your body!
Your Ranged Weapons skill increases to level 6!
You have reached level 4!
You feel stronger.
916 ||| READING 2 scrolls of teleportation.
As you read the scroll of teleportation, it crumbles to dust.
You feel strangely unstable. Grinder hits you.
You writhe in agony.
You die...

#..J #... #..h
#... ###... #####
..... #...
#.###..##.####
.....r.5@%...# #
#.##.¤¤##¤##.##.#
....... #.......#
#.###.. ##......#
# ... #.#.##.#
##.# #.#.# #.
#.#.. .. #.##.#
#.# .#


You could see Grinder and a rat.

Vanquished Creatures
  Natasha (twice) (D:3)
  3 dart slugs (D:1)
  5 bats (D:1)
  5 endoplasms
  A giant cockroach (D:1)
  A goblin (D:1)
  A hobgoblin (D:1)
  6 kobolds (D:1)
  3 quokkas
  4 ball pythons
  2 frilled lizards (D:2)
  A rat (D:1)
34 creatures vanquished.

Notes
Turn   | Place    | Note
-------+----------+-------------------------------------------
     0 | D:1      | qw the Minotaur Hunter began the quest for the Orb.
     0 | D:1      | Reached XP level 1. HP: 18/18 MP: 0/0
     0 | D:1      | 0 ||| qw: Version: 0.2-a-122-gbc61b45
     0 | D:1      | 0 ||| qw: Game counter: 3339
     0 | D:1      | 0 ||| qw: Always use a shield: true
     0 | D:1      | 0 ||| qw: God list: Okawaru
     0 | D:1      | 0 ||| qw: Allow faded altars: false
     0 | D:1      | 0 ||| qw: Do Orc after D:15 true
     0 | D:1      | 0 ||| qw: Do second Lair branch before Depths: true
     0 | D:1      | 0 ||| qw: Lair rune preference: random
     0 | D:1      | 0 ||| qw: Plans: Normal
     0 | D:1      | 0 ||| PLANNING D:1-11
    62 | D:1      | Reached XP level 2. HP: 25/25 MP: 1/1
   204 | D:1      | Reached skill level 5 in Ranged Weapons
   426 | D:1      | Reached skill level 3 in Fighting
   597 | D:1      | Reached XP level 3. HP: 31/31 MP: 2/2
   720 | D:1      | 720 ||| UPGRADING to +0 ring mail.
   730 | D:1      | 730 ||| DROPPING +0 leather armour.
   731 | D:1      | 731 ||| UPGRADING to +0 pair of boots.
   736 | D:1      | 736 ||| DROPPING ring of flight.
   737 | D:1      | 737 ||| READING scroll labelled QIW OPLABLOMN.
   741 | D:1      | 741 ||| READING scroll labelled IMIRGHI WARA.
   742 | D:1      | 742 ||| READING 2 scrolls labelled EKKAB EKHLIUNA.
   743 | D:1      | 743 ||| READING scroll labelled DYACAU ZISICEA.
   744 | D:1      | 744 ||| DROPPING scroll of butterflies.
   745 | D:1      | 745 ||| DROPPING scroll of summoning.
   812 | D:2      | Found Paohuuneru's Magic Scroll Shoppe.
   822 | D:2      | 822 ||| BUYING scroll of identify (20 gold).
   822 | D:2      | Bought a scroll of identify for 20 gold pieces
   822 | D:2      | 822 ||| BUYING scroll of identify (20 gold).
   822 | D:2      | Bought a scroll of identify for 20 gold pieces
   822 | D:2      | 822 ||| BUYING scroll of teleportation (30 gold).
   822 | D:2      | Bought a scroll of teleportation for 30 gold pieces
   822 | D:2      | 822 ||| BUYING scroll of teleportation (30 gold).
   822 | D:2      | Bought a scroll of teleportation for 30 gold pieces
   850 | D:2      | You fall into a shaft and drop 1 floor!
   857 | D:3      | Reached skill level 1 in Armour
   857 | D:3      | Noticed Natasha
   863 | D:3      | Killed Natasha
   899 | D:3      | Noticed Grinder
   899 | D:3      | Noticed Natasha
   900 | D:3      | 900 ||| Stepping ~*~*~tactically~*~*~ (outnumbered).
   902 | D:3      | 902 ||| Stepping ~*~*~tactically~*~*~ (outnumbered).
   915 | D:3      | Killed Natasha
   915 | D:3      | HP: 6/31 [Grinder/nerve-wracking pain (7)]
   916 | D:3      | Reached skill level 6 in Ranged Weapons
   916 | D:3      | Reached XP level 4. HP: 8/38 MP: 3/3
   916 | D:3      | 916 ||| READING 2 scrolls of teleportation.
   916 | D:3      | HP: 2/38 [Grinder (6)]
   916 | D:3      | Slain by Grinder

Levels and vault maps discovered:
D:1:      matt_arrival_diagonals, layout_basic, minmay_distorted
D:2:      layout_loops_ring, serial_shops, shop
D:3:      layout_loops_cross, cheibriados_altar_1, uniq_grinder, uniq_natasha,
          uniq_terence

Skill      XL: |  1  2  3 |
---------------+----------+-----
Ranged Weapons | 5 6 |  6.1
Fighting       | 3 |  3.0
Armour         | 1 |  1.0
Dodging        | |  2.1
Stealth        | |  0.7

Action                     |  1- 3 |  4- 6 || total
---------------------------+-------+-------++-------
   Fire: Shortbow          |   107 |       ||   107
    Use: Scroll            |     4 |     1 ||     5
 Armour: Leather armour    |     7 |       ||     7
         Ring mail         |     7 |       ||     7
  Dodge: Dodged            |    24 |       ||    24

Table legend:
 A = Non-vault XP
 B = Vault XP
 C = Vault XP percentage of total XP
 D = Non-vault monster count
 E = Vault monster count
 F = Vault count percentage of total count
                 A         B        C        D         E       F
            +---------+---------+-------+---------+---------+-------
      Total |      92 |      38 |  29.2 |      31 |       3 |   8.8
            +---------+---------+-------+---------+---------+-------
        D:1 |      44 |       3 |   6.4 |      22 |       2 |   8.3
        D:2 |       9 |       0 |   0.0 |       6 |       0 |   0.0
        D:3 |      39 |      35 |  47.3 |       3 |       1 |  25.0
            +---------+---------+-------+---------+---------+-------
